 Dungeon Crawl Stone Soup version 0.30-a0-313-gae38170b09 (webtiles) character file.

Game seed: 3947794350471370377

12 koil the Shooter (level 2, -4/15 HPs)
             Began as a Spriggan Hunter on Oct 26, 2022.
             Frozen to death by an endoplasm (5 damage)
             ... on level 1 of the Dungeon.
             The game lasted 00:00:53 (392 turns).

koil the Shooter (Spriggan Hunter)                   Turns: 392, Time: 00:00:54

Health: -4/15      AC:  2    Str:  7    XL:     2   Next: 20%
Magic:  4/4        EV: 18    Int: 10    God:
Gold:   24         SH:  0    Dex: 18    Spells: 2/2 levels left

rFire   . . .      SeeInvis +    a - +0 shortbow
rCold   . . .      Faith    .    (shield currently unavailable)
rNeg    . . .      Spirit   .    c - +0 robe
rPois   .          Reflect  .    (helmet restricted)
rElec   .          Harm     .    (no cloak)
rCorr   .          Rampage  .    (gloves unavailable)
Will    .....                    (boots unavailable)
Stlth   ++........               (no amulet)
HPRegen 0.22/turn                (no ring)
MPRegen 0.09/turn                (no ring)

@: very quick
A: very small, no large weapons, unfitting armour, see invisible, speed 3
a: no special abilities


You were on level 1 of the Dungeon.
You visited 1 branch of the dungeon, and saw 1 of its levels.

You collected 24 gold pieces.

Inventory:

Hand Weapons
 a - a +0 shortbow (weapon)
 b - a +1 dagger of electrocution
Armour
 c - a +0 robe (worn)
Scrolls
 d - a scroll of fear {unknown}
 f - 2 scrolls of immolation
 h - a scroll of noise {unknown}
 i - a scroll of fog {unknown}
Potions
 e - a potion of brilliance {unknown}
 g - a potion of lignification {unknown}
 j - a potion of heal wounds {unknown}
 k - a potion of resistance {unknown}


   Skills:
 + Level 1.7 Fighting
 + Level 4.1 Ranged Weapons
 + Level 3.0 Dodging
 + Level 2.1 Stealth
 + Level 0.8 Spellcasting


You had 2 spell levels left.
You didn't know any spells.
Your spell library was empty.

Dungeon Overview and Level Annotations

Branches:
Dungeon (1/15)

Altars:


Innate Abilities, Weirdness & Mutations

You are very small and have problems with some larger weapons.
You are too small for most types of armour.
You have supernaturally acute eyesight. (SInv)
You cover ground extremely quickly. (Speed+++)


Message History

A giant cockroach and an endoplasm come into view.
You shoot an arrow.
The arrow hits the giant cockroach but does no damage.
The endoplasm quivers.
You shoot an arrow.
The arrow closely misses the giant cockroach.
You shoot an arrow. The arrow hits the giant cockroach.
The giant cockroach is moderately wounded.
An endoplasm comes into view.
The giant cockroach bites you.
You shoot an arrow.
The arrow barely misses the giant cockroach.
The giant cockroach misses you. The endoplasm freezes you.
You are frozen.
The giant cockroach closely misses you.
You shoot an arrow. The arrow hits the giant cockroach.
The giant cockroach is almost dead.
The giant cockroach closely misses you. The endoplasm freezes you.
You are frozen.
You are too injured to fight recklessly!
You are too injured to fight recklessly!
You are too injured to fight recklessly!
You are too injured to fight recklessly!
Unknown command.
You shoot an arrow. The arrow hits the endoplasm.
The endoplasm is moderately wounded.
The giant cockroach misses you. The endoplasm closely misses you.
The endoplasm freezes you.
You are frozen.
* * * LOW HITPOINT WARNING * * *
The giant cockroach closely misses you.
The endoplasm hits you but does no damage.
The endoplasm barely misses you.
You shoot an arrow. The arrow hits the giant cockroach.
You kill the giant cockroach!
The endoplasm closely misses you. The endoplasm freezes you.
You are frozen.
You die...

..# # ####### #.#### #
....... #.##.# # .......
##.##.########## .......
#..............' .......
#..############# .......
#.............†.
......J##.#####.........
#.@J.....+...^.....
#†##.#####......... ...
#.# #......... ##.. #..
#......... ##. ....
......>... .. ....#
#......... ## ##.##
###+#..#.. .. #....#
#...†#


You could see 2 endoplasms.

Vanquished Creatures
  A ball python (D:1)
  3 giant cockroaches (D:1)
  A hobgoblin (D:1)
  2 jackals (D:1)
  3 bats (D:1)
  A rat (D:1)
11 creatures vanquished.

Notes
Turn   | Place    | Note
-------+----------+-------------------------------------------
     0 | D:1      | koil the Spriggan Hunter began the quest for the Orb.
     0 | D:1      | Reached XP level 1. HP: 10/10 MP: 2/2
   199 | D:1      | Reached XP level 2. HP: 11/15 MP: 3/3
   392 | D:1      | Frozen to death by an endoplasm

Illustrated notes

Levels and vault maps discovered:
D:1:      ebering_hopf_link, layout_basic, minmay_worlds_worst_comb

Skill      XL: |  1  2 |
---------------+-------+-----
Stealth        | 2 |  2.1
Dodging        | 3 |  3.0
Fighting       | |  1.7
Ranged Weapons | |  4.1
Spellcasting   | |  0.8

Action                   || total
-------------------------++-------
 Fire: Shortbow          ||    47
Armor: Robe              ||    10
Dodge: Dodged            ||    31

Table legend: (Time is in decaauts)
 A = Elapsed time spent in this place.
 B = Non-inter-level travel time spent in this place.
 C = Inter-level travel time spent in this place.
 D = Time resting spent in this place.
 E = Time spent auto-exploring this place.
 F = Levels seen in this place.
 G = Mean time per level.
                   A        B        C        D        E       F      G
               +--------+--------+--------+--------+--------+-----+--------+
         Total |    284 |    284 |      0 |      0 |    203 |   1 |  284.0 |
       Dungeon |    284 |    284 |      0 |      0 |    203 |   1 |  284.0 |
               +--------+--------+--------+--------+--------+-----+--------+

Top non-repeatable levels by time:
     D:1: 284 daAuts
